 Dungeon Crawl Stone Soup version 0.18-a0-998-gcb3fcb1 (webtiles) character file.

56 Duffy the Ruffian (level 3, -3/31 HPs)
             Began as a Naga Transmuter on Jan 5, 2016.
             Was a Follower of Cheibriados.
             Killed from afar by Natasha (7 damage)
             ... with a magic dart
             ... on level 2 of the Dungeon.
             The game lasted 00:01:11 (1721 turns).

Duffy the Ruffian (Naga Transmuter)                 Turns: 1721, Time: 00:01:11

Health: -3/31      AC:  3    Str: 15    XL:     3   Next: 97%
Magic:  6/6        EV:  8    Int: 15    God:    Cheibriados [*.....]
Gold:   45         SH:  0    Dex: 13    Spells: 1 memorised, 5 levels left

rFire  . . .     SeeInvis +       - Unarmed
rCold  . . .     Gourm    .     e - +0 ring mail
rNeg   . . .     Faith    .     (no shield)
rPois  +         Spirit   .     (no helmet)
rElec  .         Dismiss  .     (no cloak)
rCorr  .         Reflect  .     (no gloves)
SustAt .         Harm     .     (no barding)
MR     .....                    (no amulet)
Stlth  +.........               (no ring)
                                (no ring)

@: slowed, very slow, not resistant to hostile enchantments, very unstealthy
A: see invisible, deformed body, poison resistance, slowness 2, slow metabolism
1, spit poison 2, AC +1
a: Spit Poison, Bend Time, Renounce Religion


You were on level 2 of the Dungeon.
You worshipped Cheibriados.
Cheibriados was aware of your devotion.
You were very hungry.

You visited 1 branch of the dungeon, and saw 2 of its levels.

You collected 45 gold pieces.


Innate Abilities, Weirdness & Mutations

You cannot wear boots.
Your serpentine skin is tough (AC +1).
You have supernaturally acute eyesight.
Armour fits poorly on your strangely shaped body.
Your system is resistant to poisons.
You cover ground very slowly.
You have a slow metabolism.
You can spit poison.


   Skills:
 - Level 1.0 Fighting
 - Level 1.5 Dodging
 + Level 4.7 Unarmed Combat
 - Level 2.0 Spellcasting
 - Level 2.0 Transmutations


You had 5 spell levels left.
You knew the following spells:

 Your Spells              Type           Power        Failure   Level  Hunger
a - Beastly Appendage     Trmt           #.....       21%         1    #......

Inventory:

Missiles
 a - 29 arrows
Armour
 b - a +0 robe
 e - a +0 ring mail (worn)
Wands
 i - a wand of magic darts (15/48)
Scrolls
 g - 3 scrolls of enchant armour {unknown}
 j - a scroll of enchant weapon {unknown}
 l - a scroll of teleportation {unknown}
Potions
 h - 2 potions of agility {unknown}
 k - a potion of lignification {unknown}
Books
 c - a book of Changes
Comestibles
 d - a bread ration
 f - a meat ration

Dungeon Overview and Level Annotations

Branches:
Dungeon (2/15)

Altars:
Cheibriados

Annotations:
D:2 Natasha


Message History

Natasha is moderately wounded.
Natasha casts a spell at you. You resist with some effort.
You barely miss Natasha.
Natasha is moderately wounded.
Natasha mumbles some strange words.
You hit Natasha.
Natasha is heavily wounded.
The shadow imp disappears in a puff of smoke!
Natasha casts a spell at you. You resist with some effort.
The shadow imp misses you. Natasha claws you.
Press: ? - help, Shift-Dir - straight line, f/p - Natasha
Aim: Natasha (heavily wounded)
The splash of poison hits Natasha.
Natasha is almost dead.
You feel slightly more hungry. The shadow imp gestures at you.
Pain shoots through your body! Natasha claws you but does no damage.
The shadow imp closely misses you.
You closely miss Natasha.
Natasha is almost dead.
Natasha stares at you and mumbles some strange words.
You resist with some effort. The shadow imp closely misses you.
Natasha claws you.
You closely miss Natasha.
Natasha is almost dead.
You have got your breath back.
The shadow imp hits you but does no damage.
Natasha claws you.
You barely miss Natasha.
Natasha is almost dead.
The shadow imp barely misses you. Natasha casts a spell at you.
The magic dart hits you!
You die...

#..############ #.............#
####### #.#########.### #.....#
####.### #.######## #.....#
.......# #......... #.....#
.......# #.######## #......
.......#######.# #.#.#......
##.............########.#.#......
#.#..........5h@5....#.#.#......
#.....##############.#.#.#......
#####.# ##.#.#.#.....# #.#
#....#.###.### ######.#
#....#.###.#
.......#############....).....#
.......##(.....)...#....#.#######
...................#....#........
...................#....#########


You could see Natasha, a crimson imp and a shadow imp.

Action                   || total
-------------------------++-------
Melee: Unarmed           ||   100
 Abil: Spit Poison       ||     2

Notes
Turn   | Place    | Note
--------------------------------------------------------------
     0 | D:1      | Duffy the Naga Transmuter began the quest for the Orb.
     0 | D:1      | Reached XP level 1. HP: 18/18 MP: 3/3
   399 | D:1      | Reached XP level 2. HP: 15/25 MP: 5/5
  1243 | D:2      | Reached skill level 4 in Unarmed Combat
  1243 | D:2      | Reached XP level 3. HP: 13/31 MP: 6/6
  1555 | D:2      | Noticed Natasha
  1556 | D:2      | Found a faded altar to an unknown god.
  1565 | D:2      | Killed Natasha
  1572 | D:2      | Became a worshipper of Cheibriados the Contemplative
  1572 | D:2      | Reached * piety under Cheibriados
  1708 | D:2      | Noticed Natasha
  1721 | D:2      | Killed from afar by Natasha

Vault maps used:
D:1:      lemuel_arrival_funnel
D:2:      ecumenical_altar_2, dk_vineyard_1, uniq_natasha

Vanquished Creatures
  Natasha
  An adder
  2 giant geckos
  2 bats
  2 giant cockroaches
  7 hobgoblins
  2 giant newts
  A kobold
  2 rats
20 creatures vanquished.
